Cogmind - Beta 13 @@@ ROGUE MODE // 2024.05.04 @ 12:27:05 Player: Exceptionally Mediocre Result: Destroyed by B-75 Beast with Magnetic Acceleration Cannon Performance ------------- Evolutions (2) 1000 Regions Visited (5) 1000 Robots Destroyed (97) 485 Value Destroyed (3171) 3171 Prototype IDs (7) 140 Alien Tech Used (0) 0 Bonus (511) 511 TOTAL SCORE: 6307 Bonus ------- High Alert Combat Kills 112 Follower Combat Kills 199 Entered Garrisons 200 Cogmind --------- Core Integrity 0/550 Matter 291/300 Energy 98/100 System Corruption 1% Temperature Cool (0) Movement Flying (307) Ox4 Location -8/Garrison Parts ------- > --- POWER (1) -------- (None) > --- PROPULSION (4) --- Improved Flight Unit Improved VTOL Module Improved VTOL Module Improved VTOL Module > --- UTILITY (4) ------ Improved Heat Sink Improved Heat Sink Huge Storage Unit > --- WEAPON (2) ------- Heavy Assault Rifle Gauss Rifle > --- INVENTORY (25) --- Improved Ion Engine Light Nuclear Core Light Nuclear Core Light Nuclear Core Light Nuclear Core Light Treads Light Treads Flight Unit Flight Unit Improved VTOL Module Medium Storage Unit High-capacity Storage Unit Light Armor Plating Assault Rifle Light Assault Rifle Light Assault Rifle Gauss Rifle Mini Grenade Launcher Hammer Katana Peak State ------------ > --- POWER ------------ Light Nuclear Core > --- PROPULSION ------- Improved Flight Unit Improved VTOL Module Improved VTOL Module Improved VTOL Module > --- UTILITY ---------- Improved Heat Sink Improved Heat Sink Huge Storage Unit > --- WEAPON ----------- Gauss Rifle Gauss Rifle > --- INVENTORY -------- Light Nuclear Core Light Nuclear Core Light Nuclear Core Light Nuclear Core Flight Unit Flight Unit Improved VTOL Module Medium Storage Unit High-capacity Storage Unit Assault Rifle Light Assault Rifle Light Assault Rifle Heavy Assault Rifle Mini Grenade Launcher Hammer Katana [Rating: 36] Favorites ----------- Power Light Ion Engine Engine Light Ion Engine Power Core Light Nuclear Core Propulsion Light Treads Treads Light Treads Flight Unit Improved VTOL Module Utility Huge Storage Unit Device Structural Scanner Storage Huge Storage Unit Processor Improved Targeting Computer Protection Light Armor Plating Weapon Advanced Beam Rifle Energy Gun Advanced Beam Rifle Energy Cannon Beam Cannon Ballistic Gun Light Assault Rifle Launcher Mini Grenade Launcher Slashing Weapon Katana Build | -11 -10 -10 -9 -8 -8 ------- Run | Yrd Mat Min Mat Mat Gar Slots Evolved 4 | . . . 2 2 . Power . | . . . . . . Propulsion 2 | . . . . 2 . Utility 2 | . . . 2 . . Weapon . | . . . . . . Parts Attached 89 | 6 10 9 25 17 22 Power 11 | 1 1 1 4 1 3 Engine 9 | 1 1 1 4 1 1 Core 2 | . . . . . 2 Reactor . | . . . . . . Propulsion 23 | 2 1 2 8 4 6 Treads 15 | 2 1 2 6 4 . Leg . | . . . . . . Wheel . | . . . . . . Hover . | . . . . . . Flight 8 | . . . 2 . 6 Utility 19 | 1 1 1 7 6 3 Device 7 | . 1 . 3 . 3 Storage 3 | 1 . 1 1 . . Processor 1 | . . . 1 . . Hackware . | . . . . . . Protection 8 | . . . 2 6 . Artifact . | . . . . . . Weapon 36 | 2 7 5 6 6 10 Energy Gun 10 | 2 . 1 4 2 1 Energy Cannon 3 | . 3 . . . . Ballistic Gun 17 | . 2 3 2 3 7 Ballistic Cannon . | . . . . . . Launcher 4 | . 2 1 . 1 . Special Weapon . | . . . . . . Impact Weapon . | . . . . . . Slashing Weapon 2 | . . . . . 2 Piercing Weapon . | . . . . . . Special Melee Weapon . | . . . . . . Unidentified Prototypes 7 | . . . 7 . . Parts Lost 42 | . 1 6 5 17 13 Power 8 | . 1 1 1 2 3 Propulsion 12 | . . 2 3 4 3 Utility 12 | . . 1 1 7 3 Weapon 10 | . . 2 . 4 4 Highest Loss Streak 9 | . 1 3 2 9 6 To Critical Strikes . | . . . . . . Average Slot Usage (%) 89 | . 93 83 95 88 82 Engine 9 | . 14 13 10 8 3 Core 1 | . . . . . 5 Treads 17 | . 28 23 21 26 2 Flight 8 | . . . . . 29 Device 8 | . 8 2 11 4 8 Storage 11 | . 14 14 10 9 9 Processor 4 | . . . 10 8 . Protection 4 | . . . 6 13 5 Energy Gun 9 | . 9 13 10 8 4 Ballistic Gun 11 | . 12 13 11 9 10 Naked Turns . | . . . . . . Heaviest Build 102 | 10 13 87 102 101 98 Greatest Support 80 | 40 40 40 40 80 40 Greatest Overweight (x) 4 | . . 2 2 2 4 Average Overweight (x) 1 | . . . 2 1 3 Largest Inventory Capacity 25 | 8 8 25 25 25 25 Average Capacity 21 | 7 8 17 24 25 25 Most Carried 25 | 4 8 10 25 25 20 Average Carried 16 | 2 7 8 20 23 17 Final Capacity 25 | 8 8 25 25 25 25 Final Carried 25 | 4 8 10 25 18 20 Class Distribution -------------------- 53% | Scavenger-Mutant 46% | Mutant Dominant Class ---------------- Mutant | -10/Materials Scavenger-Mutant | -10/Mines Mutant | -9/Materials Mutant | -8/Materials Scavenger-Mutant | -8/Garrison Resources | -11 -10 -10 -9 -8 -8 ----------- Run | Yrd Mat Min Mat Mat Gar Matter Collected 1710 | 260 175 115 431 245 484 Remotely . | . . . . . . Salvage Created 3361 | 125 455 201 1100 697 783 Parts 204 | 6 40 22 63 35 38 Haulers Intercepted 4 | . 1 . 3 . . Recyclers Shooed 4 | . 1 . 3 . . Parts Field Recycled . | . . . . . . Retrieved Matter . | . . . . . . Parts Self-Destructed . | . . . . . . Prevented . | . . . . . . Kills | -11 -10 -10 -9 -8 -8 ------- Run | Yrd Mat Min Mat Mat Gar Combat Hostiles Destroyed 70 | . 10 8 17 18 17 Guns 57 | . 3 6 17 14 17 Cannons 2 | . 2 . . . . AOE 11 | . 5 2 . 4 . Classes Destroyed 12 | 3 5 . 3 . 1 Worker 4 | 1 2 . 1 . . Builder 6 | . 3 . 3 . . Tunneler 5 | 1 1 2 . 1 . Hauler 4 | . 1 . 3 . . Recycler 3 | 1 1 . 1 . . Operator 2 | . 1 . 1 . . Watcher 3 | . . . 3 . . Swarmer 21 | . 6 6 3 3 3 Grunt 36 | . 4 2 9 12 9 Brawler 2 | . . . 1 1 . Sentry 7 | . . . 4 2 1 Hunter 4 | . . . . . 4 Best Kill Streak 7 | 2 5 3 5 7 7 Combat Bots Only 7 | . 4 3 3 7 7 Max Kills in Single Turn 3 | 1 3 2 1 3 1 Gunslinging . | . . . . . . Exploded 3 | . 2 2 . 3 . Melee . | . . . . . . Uniques/NPCs Destroyed . | . . . . . . Combat | -11 -10 -10 -9 -8 -8 -------- Run | Yrd Mat Min Mat Mat Gar Hostile Shots Fired 588 | . 87 57 115 163 166 Missed 151 | . 23 14 34 31 49 Damage Taken 5822 | . 627 420 952 2074 1749 Core 892 | . 130 87 105 170 400 Absorbed by Shields 32 | . . . 32 . . Redirected to Shielding 105 | . . . . 65 40 Regen/Repaired (Parts) 354 | . . . 354 . . Core Remaining (%) 62 | 100 . 13 73 . . Volleys Fired 290 | 8 60 34 75 51 62 Largest 2 | 2 2 2 2 2 2 Hottest 89 | 80 80 85 86 84 89 Shots Fired 554 | 16 115 65 146 88 124 Gun 515 | 16 86 58 146 85 124 Cannon 32 | . 26 6 . . . Launcher 7 | . 3 1 . 3 . Special . | . . . . . . Kinetic 293 | . 58 33 78 46 78 Thermal 254 | 16 54 31 68 39 46 Explosive 7 | . 3 1 . 3 . Electromagnetic . | . . . . . . Robot Hit Streak 22 | 10 7 6 13 22 10 Robot Miss Streak 8 | 1 8 4 3 1 3 Penetration Max . | . . . . . . Secondary Targets 12 | . 1 1 3 3 4 Max Gunslinging Chain 1 | . 1 1 1 1 1 Shots Hit Robots 352 | 12 55 34 101 70 80 Core Hits 153 | 4 24 15 39 37 34 Critical Kills . | . . . . . . Critical Parts Destroyed 1 | . . . . . 1 Critical Strikes 13 | . . 3 3 2 5 Burn 12 | . . 3 3 2 4 Destroy 1 | . . . . . 1 Melee Attacks 4 | . . . . . 4 Impact . | . . . . . . Slashing 4 | . . . . . 4 Piercing . | . . . . . . Sneak Attacks . | . . . . . . Combat Hostiles . | . . . . . . Follow-up Attacks . | . . . . . . Damage Inflicted 6467 | 130 956 464 1652 1756 1509 Guns 5271 | 130 420 314 1652 1246 1509 Cannons 315 | . 229 86 . . . Explosions 881 | . 307 64 . 510 . Melee . | . . . . . . Ramming . | . . . . . . Kinetic 2503 | . 235 155 758 546 809 Thermal 3083 | 130 414 245 894 700 700 Explosive 881 | . 307 64 . 510 . Electromagnetic . | . . . . . . Impact . | . . . . . . Slashing . | . . . . . . Piercing . | . . . . . . Highest Corruption 1 | . 1 1 . . 1 Average Corruption 1 | . 1 1 . . 1 Corruption Purged . | . . . . . . Corruption Blocked . | . . . . . . Effects 5 | . . 4 . . 1 Energy Discharges 1 | . . 1 . . . Data Loss (minor) 1 | . . 1 . . . Data Loss (major) 2 | . . 1 . . 1 Alerts 1 | . . 1 . . . Overload Shots . | . . . . . . Overflow Damage 26 | . 26 . . . . Projectiles 14 | . 14 . . . . Explosions 12 | . 12 . . . . Melee . | . . . . . . Knockbacks . | . . . . . . Impact . | . . . . . . Kinetic . | . . . . . . Secondary . | . . . . . . Self-Inflicted Damage 156 | . 38 . . 118 . Shots 4 | . 1 . . 3 . Rammed . | . . . . . . Targets Rammed . | . . . . . . Kicked . | . . . . . . Crushed . | . . . . . . Highest Temperature 437 | 36 133 227 223 437 380 Average Temperature 82 | 18 39 74 70 119 145 Received Heat Transfer 2290 | . 159 96 379 990 666 Effects 5 | . . . . 3 2 Energy Bleed 1 | . . . . 1 . Interference 1 | . . . . 1 . Matter Decay 1 | . . . . . 1 Short Circuit 1 | . . . . . 1 Damage (major) 1 | . . . . 1 . Siege Activations . | . . . . . . Robots Corrupted . | . . . . . . Combat Hostiles . | . . . . . . Parts Fried . | . . . . . . Impact Corruptions . | . . . . . . Robots Melted . | . . . . . . Combat Hostiles . | . . . . . . Parts Melted 11 | 1 . . 7 . 3 Heat Transferred 7089 | 300 906 777 2072 1443 1591 Parts Sabotaged . | . . . . . . Parts Stolen . | . . . . . . Parts Stripped . | . . . . . . Power Chain Reactions . | . . . . . . Alert | -11 -10 -10 -9 -8 -8 ------- Run | Yrd Mat Min Mat Mat Gar Peak Influence 1040 | 15 257 272 232 474 1040 Initial 152 | . 9 100 . 55 152 Average 218 | 5 96 88 92 246 525 Maximum Alert Level 3 | . 1 1 1 2 3 Low Security (%) 63 | 100 78 83 95 32 6 Level 1 19 | . 21 16 4 53 34 Level 2 8 | . . . . 13 28 Level 3 8 | . . . . . 29 Level 4 . | . . . . . . Level 5 . | . . . . . . High Security . | . . . . . . Max Security . | . . . . . . Squads Dispatched 8 | . 1 . 3 4 . Investigation 1 | . . . 1 . . Extermination . | . . . . . . Reinforcement 4 | . 1 . 2 1 . Assault . | . . . . . . Garrison 3 | . . . . 3 . Intercept . | . . . . . . Searches Triggered . | . . . . . . Construction Impeded . | . . . . . . Haulers Reinforced . | . . . . . . Active Scanning Responses . | . . . . . . Cargo Convoy Interrupts . | . . . . . . Stealth | -11 -10 -10 -9 -8 -8 --------- Run | Yrd Mat Min Mat Mat Gar Distress Signals 10 | . 4 . 4 2 . Communications Jammed . | . . . . . . Distress Signals . | . . . . . . Times Spotted 112 | . 22 10 30 28 22 Peak Tracking Total 10 | . 6 3 6 10 5 Tactical Retreats 4 | . 1 1 . 2 . Traps | -11 -10 -10 -9 -8 -8 ------- Run | Yrd Mat Min Mat Mat Gar Traps Triggered 10 | . 2 . . . 8 Indirectly . | . . . . . . Trap Hack Attempts . | . . . . . . Triggered . | . . . . . . Disarmed . | . . . . . . Reprogrammed . | . . . . . . Reused . | . . . . . . Traps Extracted . | . . . . . . Installed . | . . . . . . Triggered . | . . . . . . Machines | -11 -10 -10 -9 -8 -8 ---------- Run | Yrd Mat Min Mat Mat Gar Machines Disabled 7 | . 1 . 2 1 3 Max in Single Turn 1 | . 1 . 1 1 1 Garrison Relay 3 | . . . . . 3 Machines Repaired . | . . . . . . Machines Dismantled . | . . . . . . Machines Sabotaged . | . . . . . . Overloaded Fab Kills . | . . . . . . Hacking | -11 -10 -10 -9 -8 -8 --------- Run | Yrd Mat Min Mat Mat Gar Machines Accessed 15 | . 2 . 7 2 4 Terminals 11 | . 2 . 4 1 4 Fabricators . | . . . . . . Repair Stations 1 | . . . 1 . . Recycling Units . | . . . . . . Scanalyzers 2 | . . . 2 . . Garrison Access 1 | . . . . 1 . Total Hacks 39 | . 4 . 19 5 11 Successful 18 | . 2 . 12 2 2 Failed 21 | . 2 . 7 3 9 Catastrophic 4 | . . . 2 . 2 Database Lockouts . | . . . . . . Manual 14 | . 4 . 7 3 . Terminals 26 | . 4 . 8 3 11 Fabricators . | . . . . . . Repair Stations 2 | . . . 2 . . Recycling Units . | . . . . . . Scanalyzers 9 | . . . 9 . . Garrison Access 2 | . . . . 2 . Terminal Hacks 4 | . . . 2 . 2 Terminal Index 1 | . . . 1 . . Hauler Manifests 1 | . . . 1 . . Garrison Registry 1 | . . . . . 1 Security Stations 1 | . . . . . 1 Fabricator Hacks . | . . . . . . Repair Station Hacks 2 | . . . 2 . . Scan Component 1 | . . . 1 . . Repair 1 | . . . 1 . . Recycling Unit Hacks . | . . . . . . Scanalyzer 6 | . . . 6 . . Insert Component 3 | . . . 3 . . Analyze 3 | . . . 3 . . Garrison Access Hacks 1 | . . . . 1 . Unlock Access 1 | . . . . 1 . Unauthorized Hacks 5 | . 2 . 2 1 . Terminals 5 | . 2 . 2 1 . Botnet 5 | . 2 . 2 1 . Fabricators . | . . . . . . Repair Stations . | . . . . . . Recycling Units . | . . . . . . Scanalyzers . | . . . . . . Garrison Access . | . . . . . . Data Cores Recovered . | . . . . . . Used . | . . . . . . Hacking Detections 10 | . 1 . 3 2 4 Full Trace Events 5 | . . . 2 . 3 Feedback Events 1 | . . . . . 1 Corruption 1 | . . . . . 1 Feedback Blocked . | . . . . . . Robot Schematics Acquired . | . . . . . . Robots Built . | . . . . . . Authchips . | . . . . . . Time . | . . . . . . Total Robot Build Rating . | . . . . . . Part Schematics Acquired 3 | . . . 3 . . Parts Built . | . . . . . . Authchips . | . . . . . . Time . | . . . . . . Total Part Build Rating . | . . . . . . Parts Repaired 1 | . . . 1 . . Time 26 | . . . 26 . . Parts Recycled . | . . . . . . Recycled Matter . | . . . . . . Retrieved Matter . | . . . . . . Retrieved Components . | . . . . . . Parts Scanalyzed 3 | . . . 3 . . Part Schematics Acquired 3 | . . . 3 . . Parts Damaged . | . . . . . . Bothacking | -11 -10 -10 -9 -8 -8 ------------ Run | Yrd Mat Min Mat Mat Gar Used RIF Installer . | . . . . . . Robots Hacked . | . . . . . . Non-combat . | . . . . . . Combat . | . . . . . . Robot Hacks Applied . | . . . . . . Relay Couplers Released 12 | . . . . . 12 Machine Destruction 12 | . . . . . 12 Fabnet Peak Effective % . | . . . . . . Robots Rewired . | . . . . . . Allies Hacked . | . . . . . . Hacks Repelled . | . . . . . . Allies | -11 -10 -10 -9 -8 -8 -------- Run | Yrd Mat Min Mat Mat Gar Total Allies 4 | . . 3 . . 1 Largest Group 3 | . . 3 3 . 1 Highest-Rated Group 40 | . . 40 40 . 39 Highest-Rated Ally 39 | . . 16 16 . 39 Total Orders . | . . . . . . Ally Attacks 64 | . . . 54 . 10 Total Damage 586 | . . . 465 . 121 Kills 11 | . . . 8 . 3 Allies Corrupted . | . . . . . . Allies Melted . | . . . . . . Intel | -11 -10 -10 -9 -8 -8 ------- Run | Yrd Mat Min Mat Mat Gar Robot Analysis Total . | . . . . . . Derelict Logs Recovered 1 | . . 1 . . . Drone Launches . | . . . . . . Drone Recoveries . | . . . . . . Exploration | -11 -10 -10 -9 -8 -8 ------------- Run | Yrd Mat Min Mat Mat Gar Turns Passed 6951 | 121 643 1257 2548 504 1878 Spaces Moved 2138 | 56 284 491 689 125 493 Core 4 | 4 . . . . . Treads 1722 | 52 284 491 689 125 81 Legs . | . . . . . . Wheels . | . . . . . . Hover . | . . . . . . Flight 412 | . . . . . 412 Fastest Speed 50 | 50 160 160 320 240 307 Average Speed 269 | 152 160 233 320 273 309 Slowest Speed 480 | 160 160 320 320 320 480 Overloaded Moves . | . . . . . . Propulsion Burnouts . | . . . . . . Robots Hopped . | . . . . . . Cave-ins Triggered . | . . . . . . Exploration Rate (%) 48 | 4 56 92 54 16 67 Regions Visited 5 Branch Regions 1 Pre-discovered Areas . | . . . . . . Known Exits Taken 1 | . . . . 1 . Unknown Exits Taken 4 | 1 1 1 1 . . Scrap Searched 1 | . . 1 . . . Spaces Dug 7 | . 7 . . . . Terrain Destroyed 45 | . 15 7 . 19 4 Melee . | . . . . . . Projectile 4 | . . . . . 4 AOE 41 | . 15 7 . 19 . Terrain Rammed . | . . . . . . Walls Destroyed . | . . . . . . Machines Disabled . | . . . . . . Actions | -11 -10 -10 -9 -8 -8 --------- Run | Yrd Mat Min Mat Mat Gar Total 2795 | 73 369 543 897 200 713 Wait 31 | . 3 2 26 . . Move 2133 | 55 283 490 688 124 493 Hop . | . . . . . . Pick Up 102 | 4 9 5 59 8 17 Fast Attach 18 | 6 2 3 6 . 1 Attach 41 | . 1 3 7 15 15 Detach 4 | . . 1 2 . 1 Swap 30 | . 7 3 12 2 6 Drop 29 | . 4 2 22 . 1 Fire 290 | 8 60 34 75 51 62 Melee 4 | . . . . . 4 Ram . | . . . . . . Kick . | . . . . . . Crush . | . . . . . . Escape Stasis 112 | . . . . . 112 Rewire 1 | . . . . . 1 Trap . | . . . . . . Miscellaneous . | . . . . . . Route ------- -11/Scrapyard -10/Materials (discovered 2 exits: *Mat / [*Min]) -10/Mines (discovered 3 exits: *Mat x2 / [*Sub]) -9/Materials (discovered 3 exits: *Mat x3) -8/Materials -8/Garrison (discovered 3 exits: [*Fac x3]) History --------- Turn | Location | Event 19 | -11/Scrapyard | Discovered new exit (range 16) 122 | -11/Scrapyard | Entered Materials 310 | -10/Materials | Build established: Mutant 627 | -10/Materials | Core integrity fell below 50% 696 | -10/Materials | Discovered new exit (range 5) 744 | -10/Materials | Discovered new exit (range 6) 765 | -10/Materials | Entered Mines 812 | -10/Mines | Lost 3 parts (2n1w) 866 | -10/Mines | Discovered new exit (range 5) 926 | -10/Mines | Discovered new exit (range 12) 1024 | -10/Mines | Core integrity fell below 20% 1156 | -10/Mines | Assisted by bots powering up and referring to "LRC-V3" 1250 | -10/Mines | Learned Materials garrison access intel 1357 | -10/Mines | Build established: Scavenger-Mutant 1676 | -10/Mines | Discovered new exit (range 8) 2022 | -10/Mines | Entered Materials 2022 | -9/Materials | Accompanied by 3 allies 2022 | -9/Materials | Evolved 2 slots: Utility x2 2538 | -9/Materials | Build established: Mutant 3173 | -9/Materials | Discovered new exit (range 16) 3767 | -9/Materials | Discovered new exit (range 9) 3853 | -9/Materials | Build established: Scavenger-Mutant 4331 | -9/Materials | Discovered new exit (range 16) 4427 | -9/Materials | Repaired Huge Storage Unit 4570 | -9/Materials | Entered another Materials area 4570 | -8/Materials | Evolved 2 slots: Propulsion x2 4571 | -8/Materials | Loaded intel: 1 garrison access location 4805 | -8/Materials | Garrison activated, responded to threat 4844 | -8/Materials | Destroyed 7 combat bots 4846 | -8/Materials | Lost 5 parts (3n2u) 5071 | -8/Materials | Identified exit to Garrison 5074 | -8/Materials | Entered Garrison 5090 | -8/Garrison | Lost 9 parts (2p1n5u1w) 5095 | -8/Garrison | Build established: Mutant 5140 | -8/Garrison | Triggered checkpoint 5204 | -8/Garrison | Garrison Relay disabled 5439 | -8/Garrison | Lost 6 parts (2n2u2w) 5444 | -8/Garrison | Destroyed 7 combat bots 5476 | -8/Garrison | Triggered checkpoint 5524 | -8/Garrison | Triggered checkpoint 5723 | -8/Garrison | Discovered new exit (range 11) 5745 | -8/Garrison | Learned Factory security intel 5828 | -8/Garrison | Triggered checkpoint 5841 | -8/Garrison | Core integrity fell below 50% 5896 | -8/Garrison | Garrison Relay disabled 6076 | -8/Garrison | Triggered checkpoint 6120 | -8/Garrison | Core integrity fell below 20% 6132 | -8/Garrison | Lost 3 parts (1p1n1w) 6286 | -8/Garrison | Triggered checkpoint 6392 | -8/Garrison | Build established: Scavenger-Mutant 6398 | -8/Garrison | Rescued a captive Derelict 6508 | -8/Garrison | Discovered new exit (range 76) 6508 | -8/Garrison | Discovered new exit (range 51) 6508 | -8/Garrison | Discovered new exit (range 18) 6536 | -8/Garrison | Garrison Relay disabled 6790 | -8/Garrison | Triggered checkpoint 6949 | -8/Garrison | Spotted B-75 Beast 6952 | -8/Garrison | Destroyed by B-75 Beast with Magnetic Acceleration Cannon Last Messages --------------- 06698_ Acquired 15 matter. 06773_ ALERT: Dispatching investigation squad to Factory. 06805_ Penetrated by Slug. 06806_ HV Slug penetrates H-55 Commando. 06806_ H-55 Commando knocked back. 06806_ HV Slug penetrates H-55 Commando. 06806_ Slug penetrates Wall. 06808_ H-55 Commando suffers critical hit (Destroy). 06808_ H-55 Commando destroyed. 06837_ Acquired 1 matter. 06843_ Acquired Gauss Rifle. 06844_ Acquired 16 matter. 06874_ ALERT: Garrison interior compromised. 06948_ Slug penetrates Wall. 06949_ Lgt. Nuclear Core destroyed. 06949_ Knocked back. 06951_ Slug penetrates B-75 Beast. 06952_ HV Slug penetrates Wall. Map ----- +----------------------------------------------------+ | ???????????????????????????????# #?# #???# ## | | ???????????????????????????????# ###+#####++## | | ???????????????????????????????# % ==%% | | ???????????????????????????????# =[ [ % = | | ???????????????????????????????# =!%= =% | | ???????????????????????????????####T##"#### =## | | ??????????????????????????????????#### #### ## | | ?????????????????????????????????????# + | | ?????????????????????????????????????#### | | ????????????????????????????????????????# [= | | ????????????????????????????????????????#!%= | | ????????????????????????????????????????### ## | | ?????????????????????????????????##########^^^## | | ?????????????????????????????????# + | | ?????????????????????????????????# + | | ?????????????????????????????????# ####### | | ?????????????????????????????????# #?????# ## | | ??????????######?????????????????# #?????# ## | | ??????????# ##?????????????????# ####### #### | | ??????????## #?????????????????# + #??? | | ??????????# #?????????????????# ####### #??? | | ??????????# #?????????????????# #?????# #??? | | ??????????#### #?????????????????# #?????# #??? | | ??????????#### ###################++####### #??? | | ??????????# %#??? | | ??????????# %@ #??? | | ??????????# h !%*#??? | | ??????????# < ###########;;####### #######"###??? | | ??????????# #?????????# #?????# ###???# #????? | | ??????????#####???????###BB###???# ##### #????? | | ????????????????????### #BB# ###?# + #????? | | ????????????????????#"" # # ""#?# #######????? | | ????????????????????#"! # # !"#?# ###??????????? | | ????????????????????#"! # #^="#?# #????????????? | | ????????????????????#"[ # # !"#?# #????????????? | | ????????????????????#"* # # !"#?# ###??????????? | | ????????????????????#"[ # # ]"#?# #"#??????????? | | ????????????????????#"/ # # ["#?# "#??????????? | | ????????????????????#"" ""#?# "#??????????? | | ????????????????????#"""!!!!"""#?# "#??????????? | | ????????????????????#""""""""""#?# #"#??????????? | | ????????????????????############?# ###??????????? | | ?????????????????????????????????# #????????????? | | ???????????????????????????????### ###??????????? | | ????????????????????????????#### ^ ####???????? | | ????????????????????????????# #???????? | | ????????????????????????????#""" """#???????? | | ????????????????????????????#&&" " #???????? | | ????????????????????????????#&&" ####^" #???????? | | ????????????????????????????#""" """#???????? | +----------------------------------------------------+ Best States ------------- Heat Dissipation 59 Energy Generation 14 Energy Capacity 280 Matter Stores 300 Matter Capacity 300 Sight Range 16 Terrain Scan Density 10 Armor Coverage 225 Propulsion Shielding 33 Evasion (%) 40 Targeting Accuracy 6 Recoil Reduction 4 Item Schematics ----------------- Imp. VTOL Module | -9/Materials | Scanalyzed Katana | -9/Materials | Scanalyzed Cld. Ion Engine | -9/Materials | Scanalyzed Robot Schematics ------------------ None Fabricated ------------ Nothing Alien Tech Used ----------------- None Achievements -------------- None Challenges ------------ None Game ------ Seed AerolevTiamatCore Manual? 0 Play Time 00:38:54 Cumulative 156.9 hours Start 2024.05.04 @ 11:53:20 End 2024.05.04 @ 12:27:05 Sessions 1 Manual Loads 0 Difficulty Rogue Special Mode None Game No. 179 Rogue 179 Adventurer 0 Explorer 0 Win Type - Total 0 Types 0/0/0/0/0/0/0/0/0 Lore% 37 Gallery% 61 Achievement% 42 Wizard Run 0 Options --------- Layout 1 ASCII 0 Keyboard 1 Movement Vi Keybinds 0 Fullscreen 1 Font 24/Smallcaps Map View 50x35 Zoom Use 0% Tactical HUD 1 Map Filters NONE Filters NONE Steam 1 RUN: 534b1280-bf32-4c09-9f5d-bb1f5da8d7b3